[Event "Titled Tuesday Blitz June 07 Late 2022"]
[White "Paravyan, David"]
[Black "Maksimovic, Bojan"]
[WhiteFideId "4194985"]
[BlackFideId "14408120"]
[WhiteElo "2569"]
[BlackElo "2453"]
[Result "1-0"]
[Round "08"]
[TimeControl "180+1"]
[Date "2022.06.07"]
[WhiteClock "0:00:03"]
[BlackClock "0:00:01"]

1. e4 c5 2. Nf3 Nc6 3. d4 cxd4 4. Nxd4 Nf6 5. Nc3 e5 6. Ndb5 h6 7. Nd6+ Bxd6 8. Qxd6 Qe7 9. Qxe7+ Kxe7 10. b3 d6 11. Ba3 Rd8 12. O-O-O a6 13. f3 b5 14. Nd5+ Nxd5 15. exd5 Nb8 16. c4 bxc4 17. Bxc4 Nd7 18. Rhe1 f6 19. f4 a5 20. Bb5 Rb8 21. Bc6 Rb6 22. Kb2 Bb7 23. Rc1 Ba6 24. Rc3 Bb5 25. Rg3 g5 26. Bxd7 Kxd7 27. fxg5 hxg5 28. h4 Rg8 29. hxg5 Rxg5 30. Rxg5 fxg5 31. Rh1 Bc4 32. Rh7+ Ke8 33. Bxd6 Bxd5 34. Bxe5 a4 35. Bd4 Rb7 36. Rh8+ Kf7 37. g3 axb3 38. a3 Kg6 39. Rd8 Be6 40. Bc3 Rf7 41. a4 Rf2+ 42. Bd2 Rf5 43. Re8 Bf7 44. Re4 Rd5 45. Bc3 Rd1 46. a5 Bd5 47. Re2 Rg1 48. Ka3 Rg2 49. Re5 Ra2+ 50. Kb4 b2 51. Re1 Be4 52. Bxb2 Rxb2+ 53. Ka3 Rb5 54. Ka4 Bc6 55. Re6+ Kf5 56. Rxc6 Rb1 57. a6 Ra1+ 58. Kb5 Ra3 59. Rc5+ Kf6 60. Kb6 Rf3 61. a7 Ra3 62. Ra5 1-0


[Site "https://www.chess.com"]

[Event "Titled Tuesday Blitz June 07 Late 2022"]
[White "Rosen, Eric"]
[Black "Matlakov, Maxim"]
[WhiteFideId "2032562"]
[BlackFideId "4168003"]
[WhiteElo "2362"]
[BlackElo "2669"]
[Result "0-1"]
[Round "08"]
[TimeControl "180+1"]
[Date "2022.06.07"]
[WhiteClock "0:00:02"]
[BlackClock "0:00:05"]

1. d4 g6 2. e4 Bg7 3. Nf3 d6 4. Bc4 e6 5. Bb3 Ne7 6. O-O b6 7. Re1 Bb7 8. c3 Nd7 9. Nbd2 O-O 10. Nf1 c5 11. Ng3 Rc8 12. Bg5 h6 13. Be3 Nf6 14. Bc2 cxd4 15. Nxd4 a6 16. f3 e5 17. Nde2 d5 18. Qd2 dxe4 19. Nxe4 Qxd2 20. Bxd2 Nxe4 21. Bxe4 Bxe4 22. fxe4 f5 23. Be3 b5 24. Rad1 Rfd8 25. Bb6 Re8 26. Rd7 Rc6 27. Bf2 Nc8 28. Red1 Bf6 29. exf5 gxf5 30. Ng3 Ne7 31. Nh5 Bh8 32. Ra7 Nc8 33. Rb7 Nd6 34. Ra7 Ne4 35. Rdd7 Nxf2 36. Kxf2 b4 37. Ng3 bxc3 38. bxc3 Rf8 39. Rac7 Rb6 40. Rb7 Rg6 41. c4 e4 42. c5 e3+ 43. Kf3 f4 44. Ne2 Rc6 45. Rbc7 Rg6 46. Rd6 Rg5 47. h4 Rg7 48. Rxg7+ Bxg7 49. c6 Rc8 50. Re6 Kf7 51. Nxf4 Bf6 52. Kxe3 Bxh4 53. Rd6 Be7 54. Rd7 Rxc6 55. Nd5 Re6+ 56. Kf3 Ke8 57. Ra7 Kf8 58. Nc7 Rf6+ 59. Kg4 Rg6+ 60. Kf3 Rf6+ 61. Ke2 Rc6 62. Nxa6 Rc2+ 63. Kf3 Rxa2 64. Ra8+ Kf7 65. g3 Ra3+ 66. Kg4 Bd6 67. Ra7+ Kg6 68. Kh3 h5 69. Kh2 Bxg3+ 70. Kg2 Bd6 71. Ra8 h4 72. Nc7 Rg3+ 73. Kh1 Bxc7 74. Ra6+ Kf5 75. Ra2 Be5 76. Rg2 Kg4 77. Re2 Bf4 78. Re8 Kh3 79. Re1 Rf3 80. Rd1 Bg3 81. Rc1 Bf2 82. Rd1 Be3 83. Re1 Kg3 84. Rd1 h3 85. Re1 Kh4 86. Rd1 Rg3 87. Rf1 Kg4 88. Rd1 Kf3 89. Rb1 Rg4 90. Rf1+ Bf2 91. Rb1 Re4 92. Rb3+ Be3 93. Rb1 Kg3 94. Rf1 Bf2 95. Rd1 Be1 96. Rd3+ Kg4 97. Rd1 Re2 98. Rd3 Bf2 99. Rd1 Be3 100. Rb1 Kg3 101. Rf1 Rh2# 0-1


[Site "https://www.chess.com"]

[Event "Titled Tuesday Blitz June 07 Late 2022"]
[White "Sarana, Alexey"]
[Black "Silva, Miguel Antonio Neto"]
[WhiteFideId "24133795"]
[BlackFideId "1911929"]
[WhiteElo "2666"]
[BlackElo "2204"]
[Result "0-1"]
[Round "08"]
[TimeControl "180+1"]
[Date "2022.06.07"]
[WhiteClock "0:00:51"]
[BlackClock "0:00:30"]

1. e4 c5 2. Nf3 d6 3. d4 cxd4 4. Nxd4 Nf6 5. Nc3 a6 6. Be3 e5 7. Nb3 Be6 8. f3 h5 9. Nd5 Bxd5 10. exd5 g6 11. Qd2 Nbd7 12. O-O-O Bg7 13. Kb1 Rc8 14. Na5 Qc7 15. c4 O-O 16. Be2 e4 17. f4 Nc5 18. h3 h4 19. Qe1 Nfd7 20. f5 Ne5 21. Bxc5 Qxc5 22. Rf1 Rfe8 23. f6 Bf8 24. Nb3 Qe3 25. Rc1 Bh6 26. Rc3 Nd3 27. Bxd3 exd3 28. Qxh4 b5 29. Rd1 Re4 30. g4 Bg5 31. Rdxd3 Qxd3+ 32. Rxd3 Bxh4 33. c5 dxc5 34. Rd1 Re1 35. d6 Rxd1+ 0-1


[Site "https://www.chess.com"]

[Event "Titled Tuesday Blitz June 07 Late 2022"]
[White "Saveliev, Alexei"]
[Black "Badelka, Olga"]
[WhiteFideId "24128546"]
[BlackFideId "13509926"]
[WhiteElo "2281"]
[BlackElo "2165"]
[Result "0-1"]
[Round "08"]
[TimeControl "180+1"]
[Date "2022.06.07"]
[WhiteClock "0:00:01"]
[BlackClock "0:00:02"]

1. c4 e6 2. Nc3 d5 3. cxd5 exd5 4. d4 c6 5. Qc2 Be7 6. Nf3 Nf6 7. Bg5 h6 8. Bh4 Nbd7 9. e3 Nf8 10. Bd3 Ne6 11. Rb1 O-O 12. O-O Nh5 13. Bxe7 Qxe7 14. b4 a6 15. a4 Ng5 16. Ne5 Nf6 17. b5 axb5 18. axb5 c5 19. f4 Nge4 20. Nxd5 Nxd5 21. Bxe4 Nxe3 22. Bh7+ Kh8 23. Qe4 Re8 24. Qxe3 Kxh7 25. Qd3+ Kg8 26. d5 Rd8 27. Nc4 Qf6 28. Rbd1 Bf5 29. Qe3 Ra4 30. Ne5 c4 31. h3 Rb4 32. Qc5 Rb2 33. Rf2 Rxf2 34. Qxf2 c3 35. Qc5 c2 36. Qd4 cxd1=Q+ 37. Qxd1 Qb6+ 38. Kh2 Qc5 39. Qa4 Qxd5 40. Qa5 Be6 41. Qc7 Rc8 42. Qe7 Qe4 43. Qh4 Qf5 44. Qg3 g6 45. Qe3 g5 46. Nd3 gxf4 47. Nxf4 Rc4 48. Nd3 Qe4 49. Qg3+ Kh7 50. Ne5 Rc5 51. Nf3 Rf5 52. Kg1 Qf4 53. Qe1 Qc4 54. Qb1 Qc5+ 55. Kh1 Kg7 56. Qb2+ Rf6 57. Qe2 Rg6 58. Qb2+ Kg8 59. Qd2 Qd5 60. Qc2 Qf5 61. Qd2 Qe4 0-1


[Site "https://www.chess.com"]

[Event "Titled Tuesday Blitz June 07 Late 2022"]
[White "Shimanov, Aleksandr"]
[Black "Jobava, Baadur"]
[WhiteFideId "4198603"]
[BlackFideId "13601520"]
[WhiteElo "2605"]
[BlackElo "2617"]
[Result "0-1"]
[Round "08"]
[TimeControl "180+1"]
[Date "2022.06.07"]
[WhiteClock "0:00:11"]
[BlackClock "0:01:33"]

1. d4 d5 2. Nf3 c6 3. Bf4 Nf6 4. e3 Bg4 5. Nbd2 e6 6. h3 Bxf3 7. Nxf3 Bd6 8. Bd3 Bxf4 9. exf4 Nbd7 10. O-O O-O 11. c3 c5 12. Qe1 Rc8 13. Qe3 cxd4 14. Nxd4 g6 15. Rfe1 Re8 16. Rad1 Qa5 17. a3 Qb6 18. Re2 Nc5 19. Bb1 Nb3 20. Nxb3 Qxb3 21. Rde1 Qb6 22. Qxb6 axb6 23. g3 Kf8 24. Rd2 Ke7 25. Kg2 Kd6 26. Rd4 Nd7 27. Red1 Ke7 28. Re1 Kf6 29. Rb4 Rc5 30. Bc2 Ra8 31. Rd1 b5 32. a4 bxa4 33. Bxa4 Rc7 34. Bxd7 Rxd7 35. Rb6 Ke7 36. Rd4 Kd8 37. Rdb4 Kc8 38. g4 Ra7 39. Kf3 Kc7 40. Ke3 Rd6 41. Rxd6 Kxd6 42. Kd4 Kc6 43. Ke5 b5 44. Kf6 Kc5 45. f5 gxf5 46. gxf5 exf5 47. h4 Ra4 48. Kg7 Rxb4 49. cxb4+ Kxb4 50. Kxh7 d4 51. h5 d3 52. h6 d2 53. Kg8 d1=Q 54. h7 Qd8+ 55. Kg7 Qg5+ 56. Kxf7 Qh6 57. Kg8 Qg6+ 58. Kh8 Qf7 59. f4 Qf8# 0-1


[Site "https://www.chess.com"]

[Event "Titled Tuesday Blitz June 07 Late 2022"]
[White "Slugin, Sergey"]
[Black "Lobanov, Sergei"]
[WhiteFideId "4122569"]
[BlackFideId "24183750"]
[WhiteElo "2358"]
[BlackElo "2524"]
[Result "1/2-1/2"]
[Round "08"]
[TimeControl "180+1"]
[Date "2022.06.07"]
[WhiteClock "0:00:16"]
[BlackClock "0:00:04"]

1. c4 e5 2. Nc3 Nf6 3. Nf3 Nc6 4. e4 Bb4 5. d3 d6 6. a3 Bc5 7. b4 Bb6 8. Be3 Bg4 9. Be2 Bxf3 10. Bxf3 Bd4 11. Rc1 O-O 12. O-O a5 13. b5 Bxe3 14. fxe3 Nb8 15. Bg4 Nbd7 16. Bxd7 Nxd7 17. Qg4 c6 18. Rf3 Qe7 19. Rcf1 f6 20. Rb1 Rab8 21. Rf2 Nc5 22. d4 Qe6 23. Qe2 exd4 24. exd4 Nd7 25. Qd3 Rfe8 26. Rfb2 c5 27. Rd2 Rbd8 28. Nd5 Qxe4 29. Rbd1 Qxd3 30. Rxd3 Re4 31. Nc3 Rxd4 32. Rxd4 cxd4 33. Rxd4 Nc5 34. Kf2 Kf7 35. Nd5 Ke6 36. Nf4+ Kd7 37. Nh5 Ne6 38. Rg4 f5 39. Rg3 g6 40. Nf6+ Ke7 41. Nd5+ Kf7 42. h4 Rc8 43. Rc3 Nc5 44. Ke3 Ne4 45. Rc2 Nf6 46. Nb6 Re8+ 47. Kf3 Re4 48. c5 dxc5 49. Rxc5 Re6 50. Nc8 Ne8 51. b6 Nd6 52. Rc7+ Kf6 53. Nxd6 Rxd6 54. Rxb7 Rd3+ 55. Kf2 Rxa3 56. Rxh7 Rb3 57. Ra7 Rxb6 58. Rxa5 Rb4 59. Kg3 Rg4+ 60. Kh3 Rb4 61. Ra6+ Kg7 62. Ra7+ Kh6 63. Ra8 Rb3+ 64. Kh2 Kh5 65. Rh8+ Kg4 66. Rg8 Rb6 67. Rh8 f4 68. Rh7 Rc6 69. Rh8 Rd6 70. Rh7 Re6 71. Rh8 Kf5 72. Rf8+ Kg4 73. Rh8 Ra6 74. Rh7 Rb6 75. Rh8 Rf6 76. Rh7 Rc6 77. Rh8 Rc2 78. Rg8 Kf5 79. Rf8+ Kg4 80. Rg8 Rc6 81. Rh8 1/2-1/2


[Site "https://www.chess.com"]

[Event "Titled Tuesday Blitz June 07 Late 2022"]
[White "Souleidis, Georgios"]
[Black "Sadhwani, Raunak"]
[WhiteFideId "4206827"]
[BlackFideId "35093487"]
[WhiteElo "2401"]
[BlackElo "2616"]
[Result "1-0"]
[Round "08"]
[TimeControl "180+1"]
[Date "2022.06.07"]
[WhiteClock "0:00:10"]
[BlackClock "0:00:05"]

1. e4 d6 2. d4 g6 3. Nc3 Bg7 4. Nf3 a6 5. a4 Nf6 6. Bd3 O-O 7. O-O Nc6 8. h3 e5 9. d5 Ne7 10. Bg5 h6 11. Bxf6 Bxf6 12. Ne2 Bg7 13. c4 f5 14. a5 f4 15. Nc3 g5 16. Nh2 Ng6 17. Be2 Kh7 18. Bg4 Bxg4 19. Qxg4 Qe8 20. b4 Nh4 21. Qe6 Qd8 22. Qg4 Qe8 23. Qe6 h5 24. Qxe8 Raxe8 25. c5 Rf7 26. cxd6 cxd6 27. Rfc1 Bh6 28. f3 Rc8 29. Ne2 Rg8 30. Rc3 Ng6 31. Rac1 Nf8 32. Rc7 Rgg7 33. Rxf7 Rxf7 34. Rc8 Kg6 35. Nc3 Nd7 36. Na4 Nf6 37. Nb6 Bf8 38. Kf1 Kg7 39. Ke2 Nh7 40. Nc4 Be7 41. Rc7 Bf8 42. Rc8 Nf6 43. Nb6 Re7 44. Nf1 g4 45. hxg4 hxg4 46. Nd2 g3 47. Ndc4 Ne8 48. Rd8 Kf7 49. Kd3 Rc7 50. Rc8 Rxc8 51. Nxc8 Be7 52. Ke2 Kf6 53. Kd3 Nc7 54. N8xd6 Nb5 55. Nxb7 Bxb4 56. Ke2 Nd4+ 57. Kf1 Nb5 58. Nd8 Bc3 59. Nc6 Nd4 60. Nxd4 Bxd4 61. Ke2 Bc3 62. Kd3 Bb4 63. Kc2 Bc5 64. Kb3 Bd4 65. Nd6 Bc5 66. Nb7 Bd4 67. Kc4 Ke7 68. Nc5 Kd6 69. Nxa6 Ba7 70. Nb4 Bd4 71. Nc6 Be3 72. Kb5 1-0


[Site "https://www.chess.com"]

[Event "Titled Tuesday Blitz June 07 Late 2022"]
[White "Svane, Rasmus"]
[Black "Martinez Alcantara, Jose Eduardo"]
[WhiteFideId "4657101"]
[BlackFideId "3805662"]
[WhiteElo "2674"]
[BlackElo "2703"]
[Result "1/2-1/2"]
[Round "08"]
[TimeControl "180+1"]
[Date "2022.06.07"]
[WhiteClock "0:00:12"]
[BlackClock "0:00:07"]

1. Nf3 c5 2. c4 Nf6 3. Nc3 d5 4. cxd5 Nxd5 5. e3 Nxc3 6. dxc3 Qc7 7. e4 Nc6 8. Be3 e6 9. Nd2 Be7 10. Qg4 O-O 11. Qg3 Bd6 12. f4 f5 13. e5 Be7 14. a4 b6 15. Qf2 Kh8 16. Be2 Bb7 17. Rd1 Na5 18. Nc4 Rad8 19. O-O Bd5 20. Nxa5 bxa5 21. c4 Bc6 22. b3 Qb6 23. Rb1 Be4 24. Rb2 Rd7 25. Bf3 Bxf3 26. Qxf3 Rfd8 27. Qe2 Rd3 28. Rfb1 Qb4 29. h3 Kg8 30. Bf2 Qb7 31. Be1 Qb6 32. Rd2 R3d4 33. Rxd4 cxd4 34. Qd3 Bc5 35. Bd2 Kf7 36. Kh2 g6 37. Rf1 Rb8 38. Rf3 Ke8 39. g4 Qc7 40. gxf5 exf5 41. Qe2 Kf7 42. Qd3 Ke6 43. Be1 Qb6 44. Qe2 Qc6 45. Bxa5 Qe4 46. Qd3 h6 47. Bd2 g5 48. fxg5 hxg5 49. Bxg5 Bb4 50. Bf4 Rg8 51. Bg3 Bc3 52. Qxe4 fxe4 53. Rf6+ Ke7 54. Bh4 Kd7 55. e6+ Kd6 56. Rh6 d3 57. e7+ Kd7 58. Rh5 Ke6 59. Rd5 Be5+ 60. Kh1 Bc7 61. b4 Rh8 62. Bg5 Rxh3+ 63. Kg2 Rh8 64. Kf2 Kf7 65. c5 Rh3 66. b5 Rf3+ 67. Ke1 Ba5+ 68. Bd2 Bxd2+ 69. Kxd2 Rf2+ 70. Ke1 Re2+ 71. Kd1 Kxe7 72. c6 Rc2 73. Rd4 Re2 74. c7 Rc2 75. Rxe4+ Kd7 76. Rd4+ Kxc7 77. Rxd3 Ra2 78. Rd4 Kb6 79. Rd6+ Kb7 80. Ra6 Rh2 81. Kc1 Rg2 82. Kb1 Rh2 83. Rf6 Rg2 84. Rc6 Rh2 85. Rc2 Rh4 86. Ra2 Kb6 87. Kb2 Ka5 88. Kb3 Rh3+ 89. Kc4 Rh4+ 90. Kc3 Rh3+ 91. Kc4 Rh4+ 92. Kc3 Rg4 93. Kb3 Rf4 94. Kc3 Rb4 95. Ra1 Rh4 96. Kb3 Rg4 97. Kc3 Rxa4 98. Rxa4+ Kxa4 99. Kb2 Kxb5 100. Ka1 a5 101. Kb1 a4 102. Ka1 a3 103. Kb1 a2+ 104. Ka1 Kb4 105. Kxa2 1/2-1/2


[Site "https://www.chess.com"]

[Event "Titled Tuesday Blitz June 07 Late 2022"]
[White "Tanenbaum, Zachary"]
[Black "Hosseinzadeh, Nima"]
[WhiteFideId "2060850"]
[BlackFideId "12505323"]
[WhiteElo "2175"]
[BlackElo "2066"]
[Result "1-0"]
[Round "08"]
[TimeControl "180+1"]
[Date "2022.06.07"]
[WhiteClock "0:00:10"]
[BlackClock "0:00:20"]

1. e4 e5 2. Nf3 Nc6 3. Bc4 Bc5 4. c3 Nf6 5. d3 d6 6. Nbd2 a5 7. a4 h6 8. Nf1 O-O 9. Ng3 Ne7 10. O-O Ng6 11. d4 Bb6 12. h3 Re8 13. dxe5 Nxe5 14. Nxe5 Rxe5 15. Bf4 Re8 16. Qf3 Bd7 17. Rad1 Nh7 18. Bxh6 gxh6 19. Bxf7+ Kh8 20. Bxe8 Qxe8 21. Qf4 Qg6 22. Nf5 Rf8 23. Rd5 Ng5 24. Kh2 Nxe4 25. Ne7 Qg7 26. Ng6+ Qxg6 27. Qxf8+ Qg8 28. Qxh6+ Qh7 29. Qf8+ Qg8 30. Rh5# 1-0


[Site "https://www.chess.com"]

[Event "Titled Tuesday Blitz June 07 Late 2022"]
[White "Urazayev, Arystanbek"]
[Black "Svane, Frederik"]
[WhiteFideId "13709810"]
[BlackFideId "12923044"]
[WhiteElo "2422"]
[BlackElo "2459"]
[Result "0-1"]
[Round "08"]
[TimeControl "180+1"]
[Date "2022.06.07"]
[WhiteClock "0:00:01"]
[BlackClock "0:01:57"]

1. d4 Nf6 2. c4 e6 3. Nc3 Bb4 4. Nf3 b6 5. e3 Bb7 6. Bd3 c5 7. O-O O-O 8. Re1 Bxc3 9. bxc3 Ne4 10. Nd2 Nxd2 11. Bxd2 f5 12. f3 Nc6 13. Bf1 Qf6 14. Qe2 d6 15. Qf2 Rae8 16. Qg3 e5 17. dxc5 dxc5 18. Red1 Na5 19. Be1 Qe6 20. Qh4 Ba6 21. Rd5 e4 22. fxe4 fxe4 23. Bf2 Bxc4 24. Bxc4 Nxc4 25. Rad1 Nb2 26. Rd6 Nxd1 27. Rxe6 Rxe6 28. Qg4 Rd6 29. Qg3 Rdf6 30. h3 Rxf2 31. Qe5 Nxe3 32. Qe6+ Kh8 33. Kh1 Rxg2 34. Qg8+ Kxg8 0-1


[Site "https://www.chess.com"]

[Event "Titled Tuesday Blitz June 07 Late 2022"]
[White "Van Dael, Siem"]
[Black "Rustemov, Alexander"]
[WhiteFideId "1049771"]
[BlackFideId "4119002"]
[WhiteElo "2113"]
[BlackElo "2773"]
[Result "0-1"]
[Round "08"]
[TimeControl "180+1"]
[Date "2022.06.07"]
[WhiteClock "0:00:02"]
[BlackClock "0:00:04"]

1. d4 f5 2. Nc3 d5 3. Bf4 Nf6 4. e3 c6 5. Nf3 Be6 6. Bd3 g6 7. h4 Bg7 8. Ne5 Nbd7 9. Nxd7 Qxd7 10. Be5 O-O 11. Ne2 Bf7 12. Nf4 Ng4 13. Bxg7 Kxg7 14. Be2 e5 15. dxe5 Rae8 16. Bxg4 fxg4 17. Qd4 Kg8 18. Qxa7 Rxe5 19. g3 h6 20. Nd3 Re7 21. Qd4 Rfe8 22. Nc5 Qd6 23. O-O Rxe3 24. Kg2 Re2 25. Nxb7 Qe6 26. Nc5 Qf5 27. Qd3 Qe5 28. b3 d4 29. Na4 Bd5+ 30. Kh2 Kg7 31. Rad1 Qf5 32. Qxd4+ Qf6 33. Qxf6+ Kxf6 34. c4 Bf3 35. Rd6+ Kf7 36. Nc3 Rc2 37. Rd3 Re6 38. a4 c5 39. Nb5 Rb2 40. Re3 Rxe3 41. Kg1 Rexb3 42. Nd6+ Ke6 43. Nb5 Rb1 44. Rxb1 Rxb1+ 45. Kh2 Rh1# 0-1


[Site "https://www.chess.com"]

[Event "Titled Tuesday Blitz June 07 Late 2022"]
[White "Vasquez Schroeder, Rodrigo"]
[Black "Adla, Diego"]
[WhiteFideId "3400042"]
[BlackFideId "100072"]
[WhiteElo "2567"]
[BlackElo "2377"]
[Result "1/2-1/2"]
[Round "08"]
[TimeControl "180+1"]
[Date "2022.06.07"]
[WhiteClock "0:00:35"]
[BlackClock "0:00:31"]

1. e4 e5 2. Nf3 Nc6 3. Bb5 a6 4. Ba4 Nf6 5. O-O Bc5 6. c3 b5 7. Bb3 d6 8. d3 O-O 9. a4 Bg4 10. h3 Bh5 11. Bg5 Rb8 12. axb5 axb5 13. Nbd2 h6 14. Be3 Bxe3 15. fxe3 b4 16. Ba4 bxc3 17. bxc3 Ne7 18. Rf2 d5 19. Qc2 dxe4 20. dxe4 Qd6 21. Nf1 Bg6 22. Ng3 Qc5 23. Re1 Ned5 24. Nxe5 Nxe3 25. Qd2 Qxe5 26. Qxe3 Rfd8 27. Bc2 Rb2 28. Ree2 Ra2 29. Qf4 Qxf4 30. Rxf4 Ra3 31. Rf3 Nd7 32. Nf5 Ne5 33. Rg3 Bxf5 34. exf5 f6 35. Kh2 Kf8 36. Be4 Rd1 37. Rge3 Rc1 38. Bc2 Ke7 39. Rg3 Kf8 40. Be4 Rcxc3 41. Rxc3 Rxc3 42. Rb2 Re3 43. Bd5 Rd3 44. Be6 Rd8 45. Rb7 c6 46. Rc7 Re8 47. Kg3 g6 48. Kf4 h5 49. h4 Re7 50. Rc8+ Re8 51. Rc7 Re7 52. Rc8+ Re8 53. Rc7 1/2-1/2


[Site "https://www.chess.com"]

[Event "Titled Tuesday Blitz June 07 Late 2022"]
[White "Xiong, Jeffery"]
[Black "Terry, Renato"]
[WhiteFideId "2047640"]
[BlackFideId "3803457"]
[WhiteElo "2714"]
[BlackElo "2577"]
[Result "1/2-1/2"]
[Round "08"]
[TimeControl "180+1"]
[Date "2022.06.07"]
[WhiteClock "0:00:05"]
[BlackClock "0:00:05"]

1. d4 e6 2. e4 d5 3. e5 c5 4. c3 Qb6 5. Nf3 Bd7 6. Bd3 cxd4 7. Nxd4 Nc6 8. Nxc6 bxc6 9. O-O Ne7 10. Nd2 Ng6 11. Nf3 Be7 12. Re1 O-O 13. h4 Rfe8 14. h5 Nh4 15. Ng5 h6 16. Nh3 Rab8 17. Qg4 Nf5 18. b3 c5 19. Bf4 c4 20. Bxf5 exf5 21. Qg3 Qe6 22. Be3 a5 23. Nf4 Qc6 24. Rad1 Be6 25. Ne2 Kh7 26. Qf3 cxb3 27. axb3 Rxb3 28. Nd4 Qxc3 29. Rc1 Qb4 30. Nxb3 Qxb3 31. Rb1 Qa4 32. Ra1 Qb5 33. Bd2 Bb4 34. Reb1 Rb8 35. Qe3 Qc4 36. Bxb4 axb4 37. Ra4 Qb5 38. Qb3 Qe2 39. Rxb4 Rxb4 40. Qxb4 Qxh5 41. Re1 Qg4 42. Qd2 d4 43. f3 Qg3 44. Qf2 Qf4 45. Rd1 Qxe5 46. Qxd4 Qg3 47. Qf2 Qg5 48. Qd2 Qg3 49. Qd4 Qg5 50. Re1 Qg3 51. Qe5 Qg5 52. Kf2 Qh4+ 53. Kg1 Qg5 54. Qe3 Qh4 55. Qf2 Qg5 56. Rd1 Qf4 57. Qd4 Qg3 58. Qd2 Qh4 59. Re1 Qg3 60. Re3 Qg5 61. Rd3 Qg3 62. Rd4 Qg6 63. Qe3 Qf6 64. Qf4 Qe7 65. Qe5 Qg5 66. Kh2 Qh5+ 67. Kg1 Qg5 68. Kf2 Qh5 69. Qg3 Qh1 70. Qf4 Qa1 71. Qd2 Qa7 72. Qe3 Qe7 73. Qe5 Qg5 74. Qf4 Qf6 75. Qd2 Qg6 76. Qd3 Qf6 77. Qe3 Qg6 78. Rd2 Qf6 79. Qf4 Qg6 80. Re2 Qf6 81. Qe5 Qd8 82. Qe3 Qh4+ 83. Kg1 Qg3 84. Qe5 Qg5 85. Qe3 Qh4 86. Qe5 1/2-1/2


[Site "https://www.chess.com"]

[Event "Titled Tuesday Blitz June 07 Late 2022"]
[White "Zhurbinsky, David"]
[Black "Wieczorek, Oskar"]
[WhiteFideId "2072904"]
[BlackFideId "1133950"]
[WhiteElo "2570"]
[BlackElo "2330"]
[Result "0-1"]
[Round "08"]
[TimeControl "180+1"]
[Date "2022.06.07"]
[WhiteClock "0:00:23"]
[BlackClock "0:00:30"]

1. e4 c5 2. Nf3 e6 3. c4 Nc6 4. d4 cxd4 5. Nxd4 Nf6 6. Nc3 Bb4 7. Nxc6 bxc6 8. Bd3 e5 9. O-O O-O 10. Be3 d6 11. h3 Be6 12. Qc2 Nd7 13. a3 Bc5 14. Bxc5 Nxc5 15. b4 Nd7 16. Rad1 Qc7 17. Ne2 a5 18. f4 exf4 19. Nxf4 axb4 20. axb4 Qb6+ 21. Kh1 Qxb4 22. Rb1 Qa4 23. Nxe6 Qxc2 24. Bxc2 fxe6 25. Rfd1 Ne5 26. Rxd6 Kf7 27. Rb7+ Kf6 28. Bb3 Rab8 29. Rxb8 Rxb8 30. Ba4 Ra8 31. Bc2 Ra2 32. Bb3 Ra3 33. Bc2 Rc3 34. Ba4 Ke7 35. Rd4 c5 36. Rd2 Rxc4 37. Bb5 Rxe4 38. Kh2 Rd4 39. Rc2 c4 40. Re2 Kd6 41. Ra2 Kc5 42. Ba4 c3 43. Bb3 Rd2 44. Ra5+ Kb4 45. Rxe5 Kxb3 46. Rxe6 c2 47. Rb6+ Kc3 48. Rc6+ Kb2 49. Rb6+ Kc1 50. Kg3 Kd1 51. Rf6 gxf6 52. Kh2 c1=Q 53. h4 Qc7+ 54. Kh3 Rd3+ 55. Kg4 Rg3+ 56. Kh5 Rxg2 57. Kh6 Rg4 58. h5 Rg6+ 59. hxg6 hxg6 60. Kxg6 Qe5 61. Kf7 f5 62. Kg6 f4 63. Kf7 f3 64. Kg6 f2 65. Kh7 Qf6 66. Kg8 Qe7 67. Kh8 f1=Q 68. Kg8 Qb5 69. Kh8 Qbb7 70. Kg8 Kd2 71. Kh8 Kd3 72. Kg8 Kd4 73. Kh8 Kd5 74. Kg8 Kd6 75. Kh8 Kd7 76. Kg8 Kd8 77. Kh8 Qc8 78. Kg8 Ke8 79. Kh8 Qcd8 80. Kg8 Kd7# 0-1


[Site "https://www.chess.com"]

[Event "Titled Tuesday Blitz June 07 Late 2022"]
[White "Adewumi, Tanitoluwa"]
[Black "Licznerski, Lukasz"]
[WhiteFideId "30966396"]
[BlackFideId "1179250"]
[WhiteElo "2560"]
[BlackElo "2387"]
[Result "0-1"]
[Round "09"]
[TimeControl "180+1"]
[Date "2022.06.07"]
[WhiteClock "0:00:03"]
[BlackClock "0:00:07"]

1. e4 c6 2. d4 d5 3. exd5 cxd5 4. Bd3 Nc6 5. c3 Nf6 6. Bf4 Bg4 7. Qb3 Qc8 8. Nd2 e6 9. Ngf3 Be7 10. O-O Bh5 11. Ne5 Nxe5 12. dxe5 Nd7 13. Qc2 Bg6 14. Bg3 b5 15. Bxg6 hxg6 16. Qd3 a6 17. a4 bxa4 18. c4 dxc4 19. Nxc4 O-O 20. Rfc1 Nc5 21. Qf3 Nb3 22. Nb6 Qd8 23. Nxa8 Qxa8 24. Qxa8 Rxa8 25. Bf4 Nxc1 26. Bxc1 Rd8 27. Be3 Rd3 28. Kf1 a3 29. bxa3 Bxa3 30. Ke2 Rb3 31. Kd2 Bb4+ 32. Kc2 Rc3+ 33. Kb2 a5 34. Bd2 Rc5 35. Bxb4 axb4 36. Re1 Rd5 37. Re2 Rd3 38. Kc2 Rc3+ 39. Kb2 Rd3 40. Kc2 Rd4 41. Kb3 g5 42. f3 Kh7 43. Re4 Rd2 44. Rg4 Kh6 45. Kxb4 Re2 46. Re4 Rxe4+ 47. fxe4 g4 48. g3 Kg5 49. Kc5 Kg6 50. Kd6 Kh7 51. Ke7 Kg8 52. Ke8 g6 53. Ke7 Kg7 54. Kd6 Kf8 55. Kd7 Kg7 56. Kc6 Kg8 57. Kc5 Kf8 58. Kd4 Ke7 59. Ke3 g5 60. Kd4 Kd8 61. Kc5 Kc7 62. Kb5 Kb7 63. Kc5 Kc7 64. Kb5 Kb7 65. Kc5 Kc8 66. Kd6 Kd8 67. Kc6 Ke8 68. Kc7 Ke7 69. Kc6 Ke8 70. Kd6 Kd8 71. Kc5 Ke7 72. Kc6 Kf8 73. Kd7 Kg8 74. Ke7 Kg7 75. Kd8 Kh8 76. Kd7 Kh7 77. Ke7 Kg7 78. Kd6 Kf8 79. Kc5 Ke7 80. Kb6 f6 81. Kc5 f5 82. Kd4 f4 83. gxf4 gxf4 84. Kd3 Kd7 85. Ke2 Kc6 86. Kf2 Kc5 87. Kg2 Kd4 88. h4 gxh3+ 89. Kxh3 Kxe5 90. Kg2 Kxe4 0-1


[Site "https://www.chess.com"]

[Event "Titled Tuesday Blitz June 07 Late 2022"]
[White "Adla, Diego"]
[Black "Mickiewicz, Piotr"]
[WhiteFideId "100072"]
[BlackFideId "1114891"]
[WhiteElo "2377"]
[BlackElo "2209"]
[Result "1-0"]
[Round "09"]
[TimeControl "180+1"]
[Date "2022.06.07"]
[WhiteClock "0:01:55"]
[BlackClock "0:00:06"]

1. c4 d6 2. d4 e5 3. Nc3 exd4 4. Qxd4 Nc6 5. Qd2 g6 6. g3 Bg7 7. Bg2 Nge7 8. Nh3 O-O 9. Nf4 Ne5 10. b3 c6 11. Bb2 Qc7 12. O-O Bf5 13. Rad1 Rad8 14. h3 h5 15. e4 Bc8 16. f3 a6 17. Kh2 b5 18. cxb5 axb5 19. Rc1 Qb6 20. Nce2 Bb7 21. Rfd1 c5 22. Rc2 b4 23. Nd3 h4 24. g4 N7c6 25. f4 Nxd3 26. Bxg7 Kxg7 27. Qxd3 Ba6 28. Qe3 Bxe2 29. Rxe2 Nd4 30. Red2 Rfe8 31. Qf2 Nb5 32. Qxh4 Nc3 33. Re1 Re6 34. f5 Re5 35. f6+ Kg8 36. Qh6 1-0


[Site "https://www.chess.com"]

[Event "Titled Tuesday Blitz June 07 Late 2022"]
[White "Badelka, Olga"]
[Black "Daggupati, Balaji"]
[WhiteFideId "13509926"]
[BlackFideId "2090759"]
[WhiteElo "2165"]
[BlackElo "2717"]
[Result "0-1"]
[Round "09"]
[TimeControl "180+1"]
[Date "2022.06.07"]
[WhiteClock "0:00:02"]
[BlackClock "0:00:06"]

1. c4 e5 2. Nc3 Nf6 3. g3 Nc6 4. Bg2 Bc5 5. e3 d5 6. cxd5 Nb4 7. Nf3 Nd3+ 8. Ke2 Nxd5 9. Qa4+ Bd7 10. Qb3 N5b4 11. a3 Be6 12. Qa4+ Bd7 13. Qb3 Be6 14. Qa4+ b5 15. Nxb5 c6 16. axb4 Bc4 17. bxc5 Bxb5 18. Qa5 Nxc1+ 19. Kd1 Qxa5 20. Rxa5 Nd3 21. Kc2 Nxf2 22. Rha1 Bd3+ 23. Kc3 O-O 24. Nxe5 Bf5 25. Bxc6 Rac8 26. d4 f6 27. Bd5+ Kh8 28. Nf7+ Rxf7 29. Bxf7 Ne4+ 30. Kc4 Nd2+ 31. Kc3 Ne4+ 32. Kb3 Nd2+ 33. Ka2 Rc7 34. Bd5 Rd7 35. Bb3 Rb7 36. Bd5 Rd7 37. Bb3 Rb7 38. c6 Rxb3 39. c7 Bc8 40. Rc1 Rb7 41. d5 Ne4 42. Ra6 Kg8 43. d6 Kf7 44. d7 Bxd7 45. c8=Q Bxc8 46. Rxc8 Re7 47. Rc4 Kg6 48. Rca4 Nd2 49. Rxa7 Rxe3 50. Rb7 Ne4 51. Raa7 Re2 52. Rxg7+ Kf5 53. Rxh7 Nc3+ 54. Kb3 Nd5 55. Ra5 Re3+ 56. Ka2 Ke6 57. Rh8 Nb4+ 0-1


[Site "https://www.chess.com"]